[Event "Early-Titled-Tuesday-Blitz-December-26-2023"]
[Site "Chess.com"]
[Date "2023.12.26"]
[Round "3"]
[White "bescmelasti"]
[Black "Pakarma"]
[Result "1-0"]
[WhiteElo "2649"]
[BlackElo "2459"]
[TimeControl "180+1"]
[EndTime "8:29:05 PST"]
[Termination "bescmelasti won on time"]

1. d4 Nf6 2. Nc3 d5 3. Bg5 a6 4.
e3 Bf5 5. Bd3 Bg6 6. Nf3 Nbd7 7.
O-O e6 8. Ne5 Be7 9. f4 Ne4 10.
Bxe7 Nxc3 11. bxc3 Qxe7 12. c4 Bxd3 13. cxd3 O-O 14.
Rb1 Rab8 15. Qa4 c6 16. c5 f6 17. Nxd7 Qxd7 18. Rb2 e5 19. dxe5 fxe5 20. fxe5 Rxf1+ 21. Kxf1 Rf8+ 22. Rf2 Rxf2+ 23. Kxf2 Qf5+ 24. Ke2 Qxe5 25.
Qb4 Qe7 26. h3 h6 27. a4 Kh7 28. Kd2 Qf7 29. Ke2 Qe7 30. Qf4 Qxc5 31. Qf5+ Kh8 32. Qc8+ Kh7 33. Qxb7 Qc2+ 34. Kf3 Qxd3 35. Qxc6 Qe4+ 36.
Kf2 Qd3 37. Qe6 Qd2+ 38. Kg3 Qd3 39. Kh2 Qd2 40. Qf5+ Kg8 41. Qe6+ Kh7 42. h4 Qd3 43. h5 Qe2 44. Qxd5 Qxe3 45. Qf5+ Kh8 46. Qc8+ Kh7 47. Qxa6 Qe5+ 48. Kg1 Qxh5 49. Qd3+ Kh8 50. Qd8+ Kh7 51. Qd3+ Kh8 52. Qa3 Qd1+ 53. Kf2 Qd2+ 54. Kf3 Qd1+ 55. Ke3 Qe1+ 56. Kd3 Qf1+ 57. Kc2 Qxg2+ 58. Kb3 Qf3+ 59.
Kb4 Qf8+ 60. Kb3 Qf7+ 61. Kc2 Qf5+ 62. Kd1 Qd5+ 63. Kc2 Qc4+ 64. Kb2 Qd4+ 65. Ka2 Qd5+ 66. Qb3 Qa5 67. Kb1 h5 68. Qb5 Qe1+ 69. Kc2 Qf2+ 70. Kd3 Qf3+ 71. Kd4 h4 72. a5 1-0

[Event "Early-Titled-Tuesday-Blitz-December-26-2023"]
[Site "Chess.com"]
[Date "2023.12.26"]
[Round "3"]
[White "Practical-Play"]
[Black "krasavetc"]
[Result "0-1"]
[WhiteElo "2474"]
[BlackElo "2659"]
[TimeControl "180+1"]
[EndTime "8:29:06 PST"]
[Termination "krasavetc won by resignation"]

1. e4 c5 2. Nf3 Nc6 3. c3 d5 4.
exd5 Qxd5 5. d4 Bg4 6. Be2 cxd4 7. cxd4 e6 8. Nc3 Bb4 9. O-O Bxc3 10. bxc3 Nf6 11. Ba3 Qa5 12. Qb3 Qb6 13. Qa4 Nd5 14.
Rfc1 Qa5 15. Qxa5 Nxa5 16. Bb5+ Kd8 17. Ne5 Bh5 18. g3 f6 19. Nd3 a6 20. Ba4 Nc4 21. Bb4 Nxb4 22. cxb4 Nd6 23. Nc5 Bf7 24. Re1 b5 25. Bb3 Re8 26. Bxe6 Bg6 27. Bd5 Ra7 28. Ne6+ Kc8 29. Rac1+ Kb8 30. Rc6 Nc4 31. Bxc4 bxc4 32. d5 Bd3 33. Re3 Rd7 34. Nc5 Rdd8 35. d6 Rxe3 36. fxe3 a5 37. bxa5 Bg6 38. a6 c3 39.
d7 c2 40. Nb3 Rxd7 41. Nd4 Ka7 42. Nxc2 Rd1+ 43. Kf2 Rd2+ 44. Kf3 Rxc2 45. Re6 Rxh2 46.
Re7+ Kxa6 47. Rxg7 Rxa2 48. Re7 Rb2 49. Kf4 Rb4+ 50. e4 Rb6 51. g4 Kb5 52. Rd7 Kc5 53.
Rc7+ Rc6 54. Rd7 Rd6 55. Rc7+ Kb6 56. Rc1 Re6 57. Rb1+ Kc5 58. Rc1+ Kd6 59. Rd1+ Ke7 60. Re1 Kf7 61. Re2 Re5 62. Kf3 Kg7 63. Kf4 Be8 64.
Re3 Bc6 65. Re2 Kg6 66. Re3 h6 67. Re2 Bd7 68. Re3 Be6 69. Re2 Rg5 70. Rg2 Kg7 71. Rg3 h5 72. gxh5 Rxg3 73. Kxg3 Kh6 74. Kf4 Kxh5 75. e5 f5 76. Ke3 Kg4 77. Kd4 f4 78. Kc5 f3 79. Kd6 Kf5 0-1

[Event "Early-Titled-Tuesday-Blitz-December-26-2023"]
[Site "Chess.com"]
[Date "2023.12.26"]
[Round "3"]
[White "MIss_MIaMI"]
[Black "NelsonLinda"]
[Result "0-1"]
[WhiteElo "2432"]
[BlackElo "2626"]
[TimeControl "180+1"]
[EndTime "8:29:09 PST"]
[Termination "NelsonLinda won by checkmate"]

1. e4 c5 2. Nf3 e6 3. d4 cxd4 4. c3 Nf6 5. Bd3 Nc6 6. O-O Be7 7. Qe2 e5 8. cxd4 d6 9. dxe5 dxe5 10. h3 O-O 11. Rd1 Qa5 12. Nc3 Rd8 13. Bd2 Qc7 14. Rac1 a6 15. Bg5 Be6 16. Bxf6 Bxf6 17. Nd5 Qa5 18.
Nxf6+ gxf6 19. a3 Ne7 20. Bc4 Rxd1+ 21. Rxd1 Rd8 22. Rxd8+ Qxd8 23. Bxe6 fxe6 24. Kh2 Ng6 25. Qc4 Qd7 26. g3 Kf7 27. Ne1 a5 28. Nd3 b6 29.
b4 axb4 30. axb4 Ne7 31. b5 Nc8 32. Qc6 Qxc6 33. bxc6 Ke7 34. Nb4 Kd6 35. h4 Kc5 36.
Nc2 Kxc6 37. g4 Nd6 38. f3 h6 39.
Kg3 b5 40. Kf2 Kc5 41. Ke3 Kc4 42. Kd2 b4 43. Ne3+ Kd4 44. Nc2+ Kc5 45. Ne3 Nc4+ 46. Nxc4 Kxc4 47. Kc2 Kd4 48. Kd2 b3 49. h5 b2 50. Kc2 Ke3 51. Kxb2 Kxf3 52. Kc3 Kxg4 53. Kd3 Kxh5 54. Ke3 Kg4 55. Kf2 Kf4 56. Kg2 Kxe4 57. Kh3 f5 58. Kh4 f4 59. Kh3 f3 60. Kg3 Ke3 61.
Kh2 f2 62. Kg3 Ke2 63. Kh4 f1=Q 64. Kh5 Qh3+ 65. Kg6 Kf3 66. Kf6 e4 67. Kg6 e3 68.
Kf6 e2 69. Kg6 e5 70. Kf6 e4 71. Kg6 e3 72. Kf6 h5 73. Kg6 h4 74. Kf6 Qh1 75.
Kg6 h3 76. Kf6 h2 77. Kf5 e1=N 78. Kg5 Ng2 79. Kf5 e2 80. Kg5 e1=B 81. Kf5 Qf1 82. Kg5 h1=R 83. Kg6 Qb5 84. Kf7 Qg5 85. Ke6 Rh6+ 86. Kf7 Nf4 87. Kf8 Bb4+ 88. Kf7 Qe7+ 89. Kg8 Qf8# 0-1

[Event "Early-Titled-Tuesday-Blitz-December-26-2023"]
[Site "Chess.com"]
[Date "2023.12.26"]
[Round "3"]
[White "TheFireChess"]
[Black "elchacal664"]
[Result "1-0"]
[WhiteElo "2520"]
[BlackElo "2284"]
[TimeControl "180+1"]
[EndTime "8:29:09 PST"]
[Termination "TheFireChess won by resignation"]

1. Nf3 c5 2. b3 Nf6 3. Bb2 Nc6 4.
e3 g6 5. c4 Bg7 6. Be2 O-O 7.
O-O d5 8. cxd5 Qxd5 9. Nc3 Qd7 10. d3 Rd8 11. a3 b6 12. Qc2 Ba6 13. Rfd1 Rac8 14. Rac1 Nd4 15. exd4 cxd4 16. Qb1 dxc3 17. Rxc3 Rxc3 18. Bxc3 Qe6 19. Bf1 Nd5 20. Bxg7 Kxg7 21. Qb2+ Qf6 22. Qxf6+ Kxf6 23. g3 Rc8 24. Nd2 Nc3 25.
Ne4+ Nxe4 26. dxe4 Bxf1 27. Kxf1 Rc3 28. Rd7 a5 29. f4 Rxb3 30. Rb7 Ke6 31. Ke2 Kd6 32.
a4 f6 33. Kf2 h5 34. Ke2 Rb4 35. Kd3 e5 36. Ke3 Rxa4 37. Rxb6+ Ke7 38. Rb7+ Ke6 39.
Rb6+ Ke7 40. fxe5 fxe5 41. Rxg6 Ra2 42. Rg5 Kf6 43. Rf5+ Ke6 44. Rxh5 a4 45. h4 a3 46. Kf3 Kf6 47. Rh6+ Kg7 48. Ra6 Ra1 49. Kg4 a2 50. h5 Kh7 51. Ra7+ Kh6 52. Ra6+ Kh7 53. Ra3 Kh6 54. Ra5 Kh7 55. Kg5 Rg1 56. Ra7+ Kh8 57. Rxa2 Rxg3+ 58. Kf5 Rh3 59. Kxe5 Rxh5+ 60. Kd6 Kg7 61. Rf2 Rh3 62. e5 Rd3+ 63. Ke7 Re3 64. e6 Rd3 65. Rg2+ Kh6 66. Kf7 Rf3+ 67. Ke8 Re3 68. e7 Rf3 69. Rd2 Kg6 70. Kd8 Re3 71. e8=Q+ Rxe8+ 72. Kxe8 Kf6 73. Re2 Kg5 74. Ke7 Kf4 75.
Ke6 Kg3 76. Re4 Kf3 77. Kf5 Kg3 78. Re3+ Kf2 79. Kf4 Kg2 80. Re2+ Kh1 81. Kg3 1-0

[Event "Early-Titled-Tuesday-Blitz-December-26-2023"]
[Site "Chess.com"]
[Date "2023.12.26"]
[Round "3"]
[White "djokovic74"]
[Black "ljuks68"]
[Result "0-1"]
[WhiteElo "2651"]
[BlackElo "2519"]
[TimeControl "180+1"]
[EndTime "8:29:10 PST"]
[Termination "ljuks68 won on time"]

1. c4 c6 2. Nf3 d5 3. g3 Nf6 4. Bg2 Bf5 5. Qb3 Qb6 6. d3 Qxb3 7. axb3 Nbd7 8. O-O e5 9. Be3 d4 10. Bg5 Be7 11. Na3 h6 12. Bxf6 Bxf6 13. Nc2 O-O 14. b4 a6 15. Nd2 Be7 16. f4 Bg4 17. Bf3 Bxf3 18. Nxf3 f6 19. f5 c5 20. bxc5 Nxc5 21.
b4 Nd7 22. Nd2 Nb8 23. Ne4 Nc6 24. Rfb1 Kf7 25. Kf2 g6 26. g4 gxf5 27. gxf5 Rg8 28. h3 h5 29. b5 axb5 30. Rxb5 Rxa1 31. Nxa1 Ra8 32. Nb3 Ra7 33. Rd5 b6 34. Nbd2 Ra5 35.
Rd7 Ra7 36. Rd5 Ra5 37. Rd7 Ra7 38. Rxa7 Nxa7 39. Nf3 b5 40. cxb5 Nxb5 41. Ng3 Nd6 42.
Nh4 Bf8 43. Kf3 Bh6 44. Nxh5 Bg5 45. Ng2 Nxf5 46. Kg4 Nh6+ 47. Kf3 Nf5 48. Ke4 Ke6 49. Kf3 Nd6 50. Ng3 f5 51. h4 Bh6 52. Nh5 e4+ 53. dxe4 fxe4+ 54. Kg4 Ke5 55. Ng3 Nc4 56. Nf1 d3 57. exd3 exd3 58. Kh5 Bc1 59. Kg6 Ke4 60. h5 Kf3 61. Nh4+ Ke2 62. Ng3+ Kf2 0-1

[Event "Early-Titled-Tuesday-Blitz-December-26-2023"]
[Site "Chess.com"]
[Date "2023.12.26"]
[Round "3"]
[White "DishonorOnYourCow"]
[Black "klimkoj"]
[Result "1-0"]
[WhiteElo "2533"]
[BlackElo "2799"]
[TimeControl "180+1"]
[EndTime "8:29:22 PST"]
[Termination "DishonorOnYourCow won by resignation"]

1. d4 Nf6 2. c4 g6 3. Nc3 Bg7 4.
e4 d6 5. f4 O-O 6. Nf3 c5 7. d5 e6 8. dxe6 Bxe6 9. Bd3 Nc6 10. f5 Bc8 11. O-O Re8 12. Bg5 h6 13. Bh4 g5 14. Bg3 Nh5 15. Nd5 Nxg3 16. hxg3 Bxb2 17.
Rb1 Bg7 18. e5 Nxe5 19. Nxe5 Rxe5 20. f6 Bf8 21. Bc2 b5 22. Qd3 Bf5 23. Rxf5 bxc4 24.
Qxc4 Rxf5 25. Bxf5 Qa5 26. Ne7+ Bxe7 27. fxe7 Re8 28.
Bg6 Rxe7 29. Rf1 Qc7 30. Qd5 Kg7 31. Bd3 Re5 32. Qf3 Qe7 33. Bc4 f5 34. Kh2 Qe8 35. Rb1 Kf6 36. Qd3 Qc6 37. Rb8 d5 38. Bb5 Qd6 39.
Rb7 a6 40. Bxa6 Re4 41. Qb3 Rh4+ 42. Kg1 Rb4 43. Rxb4 cxb4 44. Bd3 Qc5+ 45. Kh2 f4 46. gxf4 gxf4 47. Bc2 Qd6 48. Qd3 Ke7 49. Qh7+ Kd8 50. Qg8+ Kc7 51. Qf7+ Kb8 52. Kh3 Qe5 53. Bd1 Qg5 54.
Qf8+ Kc7 55. Qc5+ Kd8 56. Qd6+ Kc8 57. Bg4+ Kb7 58. Qxb4+ Kc7 59. Qc5+ Kb7 60. Qb5+ Kc7 61. a4 h5 62. Qd7+ Kb6 63. Qb5+ Kc7 64. Qc5+ Kb7 65.
Qb4+ Kc7 66. Qc3+ Kb6 67. Be2 Qf5+ 68. Kh2 Qg5 69. a5+ Ka7 70. Qc5+ Ka8 71. Qc6+ Ka7 72. Qb6+ Ka8 73. Qc6+ Ka7 74. Qc3 Qh4+ 75. Kg1 Qe7 76. Bf1 Qd6 77. a6 d4 78. Qb3 Qd7 79. Qb4 Qc7 80.
Bd3 Qc1+ 81. Kh2 Qe3 82. Qc5+ Kb8 83. Qb6+ Kc8 84. Bf5+ 1-0

[Event "Early-Titled-Tuesday-Blitz-December-26-2023"]
[Site "Chess.com"]
[Date "2023.12.26"]
[Round "3"]
[White "Vladimir_Zakhartsov"]
[Black "SahibSinghKnight"]
[Result "1-0"]
[WhiteElo "2877"]
[BlackElo "2680"]
[TimeControl "180+1"]
[EndTime "8:29:27 PST"]
[Termination "Vladimir_Zakhartsov won by checkmate"]

1. e4 e6 2. d4 d5 3. Nd2 c5 4. exd5 Qxd5 5. dxc5 Nf6 6. Nb3 Qxd1+ 7. Kxd1 Nbd7 8. Bb5 a6 9. Ba4 Be7 10. Be3 Nd5 11. Bd4 O-O 12. Nf3 Rd8 13. Ke2 Nf4+ 14. Kf1 f6 15. c4 e5 16. Be3 Rb8 17.
Rd1 Ne6 18. c6 b5 19. cxb5 axb5 20. Bxb5 Rxb5 21. cxd7 Ba6 22. Kg1 Rb7 23. h3 Rbxd7 24. Rxd7 Rxd7 25. Kh2 Bc4 26. Nfd2 Bd5 27. Rc1 f5 28. f3 Bd6 29. Kg1 Rb7 30. Nc4 Bc7 31. Nbd2 e4 32. fxe4 fxe4 33. b3 Nf4 34. Rf1 g5 35. a4 Bxc4 36. bxc4 Rb4 37. Nxe4 Rxc4 38. Nxg5 Ne2+ 39. Kf2 Ng3 40. Ra1 Rc2+ 41. Kf3 Nf5 42. Ne6 Be5 43. Ra3 Bd6 44. Ke4 Bxa3 45. Kxf5 Rc4 46. a5 Ra4 47. Bb6 Bb4 48. g4 Bxa5 49.
Bxa5 Rxa5+ 50. Kf4 Kf7 51. Ng5+ Kg6 52. Nf3 Ra4+ 53.
Kg3 Ra3 54. Kf4 Kf6 55. h4 Ra4+ 56. Kg3 Kf7 57. Ne5+ Ke6 58. Nf3 Kd5 59. Ng5 h6 60. Nf7 Ra3+ 61. Kf4 Ra6 62. Kf5 Re6 63. h5 Rc6 64.
Ne5 Re6 65. Nf7 Rc6 66. Ne5 Re6 67. Ng6 Rc6 68. Ne7+ Kd6 69. Nxc6 Kxc6 70. Kg6 Kd6 71. Kxh6 Ke6 72. Kg7 Ke5 73. h6 Kf4 74. h7 Kxg4 75.
h8=Q Kf5 76. Qh6 Ke4 77. Qf6 Ke3 78. Qf5 Ke2 79. Qf4 Kd1 80. Qf2 Kc1 81. Kf6 Kb1 82. Ke5 Ka1 83. Kd4 Kb1 84. Kc3 Kc1 85. Qc2# 1-0

[Event "Early-Titled-Tuesday-Blitz-December-26-2023"]
[Site "Chess.com"]
[Date "2023.12.26"]
[Round "3"]
[White "Bauman_Guy"]
[Black "Druid24"]
[Result "1-0"]
[WhiteElo "2896"]
[BlackElo "2691"]
[TimeControl "180+1"]
[EndTime "8:29:28 PST"]
[Termination "Bauman_Guy won by resignation"]

1. e4 c5 2. Nf3 e6 3. d4 cxd4 4.
Nxd4 Nc6 5. Nc3 Nf6 6. Ndb5 d6 7. Bf4 e5 8. Bg5 a6 9. Na3 b5 10. Bxf6 Be7 11. Nd5 Bxf6 12. g3 Rb8 13. Bg2 O-O 14. O-O Bg5 15. c3 Ne7 16. Nc2 Nxd5 17. Qxd5 Be6 18.
Qd1 Qb6 19. Nb4 a5 20. Nd5 Qc5 21. b4 Qc4 22. bxa5 Bxd5 23. Qxd5 Qxd5 24. exd5 Bd2 25. a6 Bxc3 26. Rab1 Bd4 27. Rfc1 Rb6 28. Rc6 Ra8 29. Rxb6 Bxb6 30. Rxb5 Rxa6 31. Bf1 Ba7 32. Bc4 g6 33. Bb3 Bc5 34. a4 Kg7 35. Kf1 h5 36. Ke2 f5 37.
f3 Kf6 38. a5 Bd4 39. Kd3 g5 40. Kc4 g4 41. fxg4 hxg4 42. Kb4 Ra7 43. Bc4 e4 44. Rb8 Bc5+ 45. Kb5 Ke5 46. a6 Re7 47. Rb7 Rxb7+ 48. axb7 Ba7 49. Kc6 e3 50. Bd3 Kd4 51. Be2 Ke5 52.
Bd3 Bb8 53. Be2 Ke4 54. Bb5 Kf3 55. Kd7 e2 56. Bxe2+ Kxe2 57. Kc8 Ba7 58. Kc7 Kf3 59. Kxd6 Kg2 60. Ke6 Kxh2 61. d6 f4 62. d7 fxg3 63. d8=Q g2 64. Qh4+ Kg1 65. Qxg4 Kh1 66. Qh3+ Kg1 67.
Qg3 Kf1 68. Qf3+ Kg1 69. Kf5 Kh2 70. Qh5+ Kg3 71. Qg4+ Kh2 72. Qh4+ Kg1 73. Ke4 Kf1 74. Qh3 Bb8 75. Kf3 1-0

[Event "Early-Titled-Tuesday-Blitz-December-26-2023"]
[Site "Chess.com"]
[Date "2023.12.26"]
[Round "3"]
[White "sheldons73tshirt"]
[Black "Aleksandar-Topalov"]
[Result "0-1"]
[WhiteElo "2492"]
[BlackElo "2363"]
[TimeControl "180+1"]
[EndTime "8:29:30 PST"]
[Termination "Aleksandar-Topalov won on time"]

1. e4 e6 2. d4 d5 3. e5 Qd7 4. c3 b6 5. Nf3 Ba6 6. Bxa6 Nxa6 7. O-O Ne7 8. a4 c5 9. a5 b5 10.
dxc5 Nxc5 11. Nd4 a6 12. Nd2 g6 13. Qe2 h6 14. Kh1 Nc6 15. f4 h5 16. b3 Qc7 17.
Nxc6 Qxc6 18. Ba3 Be7 19. Bxc5 Bxc5 20. c4 O-O 21. Qf3 Rfd8 22. Rfc1 Rac8 23. cxb5 Qxb5 24. Nf1 Bb4 25. Qd1 Bxa5 26. Ng3 Bc3 27. Rab1 h4 28. Ne2 Bb4 29. Nd4 Qb6 30. h3 Bc5 31. Nf3 Be3 32. Rxc8 Rxc8 33. Nxh4 Bxf4 34. Qg4 Bxe5 35. Rf1 Kg7 36.
Nf3 Bf6 37. Ng5 Bxg5 38. Qxg5 Qd8 39. Qe5+ Kg8 40. Qf4 Qe7 41. Qa4 Rb8 42. Rc1 Kg7 43.
Qd4+ Qf6 44. Qa4 Qb2 45. Rf1 Qxb3 46. Qd7 Rf8 47. Qe7 Qc3 48. Qa7 Qe5 49. Qxa6 d4 50. Qa1 Qd5 51. Rd1 e5 52. Qb1 e4 53. Qa1 Rd8 54.
h4 e3 55. Qb1 Kg8 56. Qd3 Qe5 57. Re1 Qf4 58. Qe2 Qxh4+ 59. Kg1 Qf2+ 60. Qxf2 exf2+ 61. Kxf2 d3 62. Rd1 Kg7 63. Ke3 f5 64. Kd2 Kf6 65. Re1 f4 66. Rf1 Kf5 67. g3 g5 68.
gxf4 gxf4 69. Rf3 Rd4 70. Rh3 Ke4 71. Rh8 Rd5 72. Re8+ Kf3 73. Re1 Kf2 74. Re8 f3 75. Rh8 Rg5 76. Kxd3 Rd5+ 77. Ke4 Rg5 78. Rf8 Rg4+ 79. Kd3 Kg2 80. Ke3 Rg3 0-1

[Event "Early-Titled-Tuesday-Blitz-December-26-2023"]
[Site "Chess.com"]
[Date "2023.12.26"]
[Round "3"]
[White "deribas12345"]
[Black "PeshkaCh"]
[Result "1/2-1/2"]
[WhiteElo "2527"]
[BlackElo "2827"]
[TimeControl "180+1"]
[EndTime "8:29:32 PST"]
[Termination "Game drawn by stalemate"]

1. d4 Nf6 2. c4 e6 3. Nc3 d5 4. cxd5 exd5 5. Bg5 Be7 6. e3 O-O 7. Bd3 c6 8. Nge2 h6 9. Bh4 Nh5 10. Bxe7 Qxe7 11. O-O a5 12. e4 dxe4 13. Nxe4 Nd7 14. Re1 Nhf6 15. N2g3 Nxe4 16. Rxe4 Qd8 17. Qf3 Nf6 18.
Rh4 Re8 19. h3 Qd5 20. Ne4 Nxe4 21. Bxe4 Qg5 22. Rf4 Be6 23. h4 Qe7 24. d5 cxd5 25. Bxd5 Bxd5 26. Qxd5 Red8 27. Qb5 Qd7 28. Rf5 Qe7 29.
g3 Rd4 30. a3 Rd2 31. Rc1 Rad8 32. Qe5 Rd1+ 33. Rxd1 Rxd1+ 34. Kg2 Qd7 35. Qe4 Rd4 36. Qf3 b6 37. Rf4 Rd2 38. b4 Rd3 39. Qa8+ Kh7 40. Qe4+ Kg8 41. h5 Rd6 42. bxa5 bxa5 43. Qa8+ Qd8 44. Qe4 Re6 45. Qf3 Qe7 46. Rf5 Re5 47.
Rf4 f6 48. Qa8+ Kh7 49. Qf3 Qd7 50. Re4 Rf5 51. Qe2 Qd5 52. f3 Rxh5 53. g4 Re5 54. Rxe5 fxe5 55. Kf2 Qd4+ 56. Kg2 Kg6 57. Qc2+ Kg5 58.
Qc7 Qd2+ 59. Kg3 Qe1+ 60. Kg2 Kf4 61. Qf7+ Ke3 62. Qb3+ Kd4 63. Qa4+ Kc5 64. Qc2+ Kd6 65. Qg6+ Kc5 66. Qxg7 Qe2+ 67. Kg3 Qe1+ 68. Kg2 Qd2+ 69. Kg3 Qf4+ 70. Kg2 e4 71. Qe7+ Kd4 72. Qxe4+ Qxe4 73. fxe4 Kxe4 74. Kg3 a4 75. Kh4 Kf4 76. Kh5 Kg3 77.
g5 hxg5 78. Kxg5 Kf3 79. Kf5 Ke3 80. Ke5 Kd3 81. Kf4 Kc3 82. Ke3 Kb3 83. Kd3 Kxa3 84. Kc3 Ka2 85. Kc2 a3 86. Kc1 Kb3 87. Kb1 a2+ 88.
Ka1 Ka3 1/2-1/2

[Event "Early-Titled-Tuesday-Blitz-December-26-2023"]
[Site "Chess.com"]
[Date "2023.12.26"]
[Round "3"]
[White "PedroGil25"]
[Black "ProfessorChess101"]
[Result "1/2-1/2"]
[WhiteElo "2382"]
[BlackElo "2600"]
[TimeControl "180+1"]
[EndTime "8:29:42 PST"]
[Termination "Game drawn by repetition"]

1. e4 c5 2. Nf3 Nc6 3. Bb5 e5 4. O-O Bd6 5. d3 Nge7 6. a4 O-O 7. Nc3 a6 8. Bc4 Rb8 9. Be3 Nd4 10. a5 Bc7 11. Nd5 Nxd5 12. Bxd5 d6 13. Nxd4 cxd4 14.
Bd2 Be6 15. Bxe6 fxe6 16. Qg4 Qe7 17. f4 exf4 18. Bxf4 Rf7 19. Bd2 Rbf8 20. Rxf7 Qxf7 21. Qe2 Qd7 22. c3 dxc3 23. Bxc3 Bb8 24. Rf1 Ba7+ 25. Kh1 Rxf1+ 26. Qxf1 e5 27. g3 h5 28. Kg2 h4 29. Qf5 Qxf5 30. exf5 hxg3 31. hxg3 Kf7 32. Kf3 Kf6 33. g4 d5 34. b3 Bc5 35. Bd2 Bd4 36. Be1 Kf7 37. Bd2 g6 38. Be1 Bc5 39. Bc3 gxf5 40. gxf5 Kf6 41. Kg4 Bd6 42. Be1 e4 43.
dxe4 dxe4 44. Bc3+ Be5 45. Be1 Bc7 46. Bc3+ Be5 47.
Be1 Ke7 48. Bh4+ Kd6 49. Be1 Kd5 50. Kg5 Kd6 51. Kg6 Ke7 52. Bh4+ Kd7 53. f6 e3 54. f7 Bd6 55. Kf5 e2 56. Ke4 Kc6 57. Kd3 Kb5 58.
Be1 Bf8 59. Kxe2 b6 60. axb6 Kxb6 61. Kd3 Kb5 62. Ke4 a5 63. Kd5 a4 64. bxa4+ Kxa4 65. Ke6 Kb5 66. Kd7 Kc5 67. Ke8 Bh6 68. Bd2 Bg7 69. Bc3 Bh6 70. Kd7 Kd5 71. Ke7 Bg5+ 72.
Bf6 Bh6 73. Bb2 Bg5+ 74. Kd7 Bh6 75. Ba3 Ke5 76. Ke7 Kf5 77. Ke8 Kg6 78. Bf8 Bd2 79.
Bd6 Bh6 80. Bf4 Bg7 81. Be5 Bh6 82. Bd6 Bg7 83. Bf8 Be5 84. Bb4 Bg7 85. Bd2 Kh7 86. Be3 Kg6 87. Bf4 Kh7 88. Be5 Bh6 89. Ke7 Kg6 90.
Ke6 Bf8 91. Bd6 Bh6 92. Bf4 Bg7 93. Be5 Bh6 94. Ke7 Kh7 95. Ke8 Kg6 96. Bf4 Bg7 97.
Be5 Bh6 1/2-1/2

[Event "Early-Titled-Tuesday-Blitz-December-26-2023"]
[Site "Chess.com"]
[Date "2023.12.26"]
[Round "3"]
[White "mightysmasher"]
[Black "Iball95"]
[Result "1/2-1/2"]
[WhiteElo "2606"]
[BlackElo "2801"]
[TimeControl "180+1"]
[EndTime "8:29:44 PST"]
[Termination "Game drawn by repetition"]

1. e4 c5 2. c3 e6 3. d4 d5 4. exd5 exd5 5. Nf3 Nf6 6. Bb5+ Nc6 7. O-O Be7 8. dxc5 Bxc5 9. Re1+ Be6 10. Nd4 O-O 11. Be3 Qd6 12. h3 Rad8 13. Nd2 Bb6 14. Nxe6 fxe6 15.
Bxb6 axb6 16. Qe2 Rfe8 17. Rad1 e5 18. Nc4 Qc5 19. Bxc6 bxc6 20. Nxe5 Re7 21. Qd2 Rf8 22. Nd3 Qd6 23. Rxe7 Qxe7 24. Re1 Qf7 25. Ne5 Qc7 26. Qe3 Ne4 27. f4 Nd6 28. Qd4 Ne4 29. c4 Nf6 30.
cxd5 Nxd5 31. Rf1 Qd6 32. Nc4 Qb4 33. a3 Qb3 34. Ne5 c5 35. Qe4 Nf6 36. Qc6 h6 37. Rf3 Qxb2 38. Qe6+ Kh7 39. Qf5+ Kg8 40. Qe6+ Kh7 41. Rg3 Qc1+ 42. Kh2 Qxf4 43. Ng6 Qb8 44. Qf5 Kg8 45. Nxf8 Kxf8 46. Qg6 Qc7 47. Kh1 c4 48. Rf3 b5 49. Qc2 Qe5 50. a4 bxa4 51. Qxa4 c3 52.
Qa3+ Kg8 53. Qxc3 Qe7 54. Kh2 Qd6+ 55. Kh1 Kh8 56. Qb3 Qe7 57. Qb8+ Kh7 58. Qb1+ Kh8 59. Qf1 Qd7 60. Qf2 Qe7 61. Kh2 Qe5+ 62. Qg3 Qe7 63.
Re3 Qf7 64. Qf4 Kh7 65. Qf5+ Kh8 66. Rg3 Qe7 67. h4 Qf7 68. Rg6 Qe7 69. g4 Qd6+ 70.
Kh1 Qd1+ 71. Kh2 Qe2+ 72. Kh1 Qe1+ 73. Kh2 Qxh4+ 74. Kg2 Qe1 75. g5 Qe2+ 76. Kg1 Qe3+ 77. Kg2 Qe2+ 78. Kg1 Qd1+ 79. Kf2 Qd2+ 80. Kf1 Qd1+ 81.
Kg2 Qe2+ 1/2-1/2

[Event "Early-Titled-Tuesday-Blitz-December-26-2023"]
[Site "Chess.com"]
[Date "2023.12.26"]
[Round "3"]
[White "tylityli"]
[Black "zubridis"]
[Result "0-1"]
[WhiteElo "2249"]
[BlackElo "2562"]
[TimeControl "180+1"]
[EndTime "8:29:44 PST"]
[Termination "zubridis won on time"]

1. d4 g6 2. c4 Bg7 3. e4 Nc6 4. d5 Nd4 5. Nc3 c5 6. Be3 e5 7. dxe6 dxe6 8. Nf3 Ne7 9. Be2 O-O 10. O-O Nec6 11. Qd2 Nxf3+ 12. Bxf3 Nd4 13. Rad1 b6 14. Bh6 Bxh6 15. Qxh6 Bb7 16. Be2 f5 17. exf5 exf5 18. Bd3 Qf6 19. Nd5 Bxd5 20. cxd5 Rad8 21. Rfe1 Rfe8 22. h4 b5 23. b3 Qg7 24. Qf4 Qd7 25. h5 Kg7 26. h6+ Kf7 27. a4 a6 28. axb5 axb5 29. b4 Rxe1+ 30. Rxe1 Qxd5 31. Qc7+ Qd7 32. Qxc5 Ne6 33. Qxb5 Qxb5 34. Bxb5 Rd4 35. Bf1 Rxb4 36. g3 Kf6 37. Kg2 Nd4 38. Bd3 f4 39. gxf4 Ne6 40. Be4 Nxf4+ 41. Kg3 Ne6 42. Kg2 Kg5 43. Bf3 Nf4+ 44. Kg3 Rd4 45. Re7 Kf6 46. Rxh7 Ne6 47.
Ra7 Ng5 48. h7 Rd8 49. Rb7 Rh8 50. Bg2 Nxh7 51. Rc7 Ng5 52. Rc6+ Kg7 53. f4 Nf7 54. Kg4 Rh6 55. Kf3 Rh8 56. Rc7 Kf6 57. Kg4 Nh6+ 58. Kg3 Nf5+ 59. Kf2 Rd8 60. Rc6+ Kg7 61. Rc7+ Kh6 62. Be4 Nd6 63. Bf3 Rf8 64. Kg3 Nf5+ 65.
Kf2 Nd4 66. Ke3 Ne6 67. Rc4 Re8 68. Ke2 Nxf4+ 69. Kf2 Ne6 70. Kg3 Ng5 71. Bg4 Re3+ 72. Kf4 Re1 73. Rc8 Rf1+ 74. Kg3 Ne4+ 75. Kg2 Rf2+ 76.
Kh3 Rf6 77. Rc4 Nd6 78. Kg3 Nxc4 0-1

[Event "Early-Titled-Tuesday-Blitz-December-26-2023"]
[Site "Chess.com"]
[Date "2023.12.26"]
[Round "3"]
[White "IlanSchnaider"]
[Black "defenceboy"]
[Result "1/2-1/2"]
[WhiteElo "2696"]
[BlackElo "2876"]
[TimeControl "180+1"]
[EndTime "8:29:55 PST"]
[Termination "Game drawn by repetition"]

1. e4 e5 2. Nf3 Nc6 3. d4 exd4 4.
Nxd4 Nf6 5. Nxc6 bxc6 6. e5 Qe7 7. Qe2 Nd5 8. h4 Qe6 9. Nd2 a5 10. g3 Ba6 11. c4 Nb4 12. Nf3 c5 13. Bh3 Qxc4 14.
Qxc4 Bxc4 15. Kd1 Bd5 16. Ke2 Nc2 17. Rb1 Bxa2 18. Bf4 Bxb1 19. Rxb1 Nd4+ 20. Nxd4 cxd4 21. Kd3 Bc5 22. Rc1 Bb6 23. h5 h6 24. Bf5 O-O 25. Bxd7 a4 26. Ra1 Ra5 27. Bxa4 Rfa8 28. b3 Rc5 29. Ke4 Rc2 30. f3 Re2+ 31. Kf5 d3 32. Rd1 Rd8 33. Bb5 Rb2 34. Rxd3 Rxd3 35. Bxd3 Rxb3 36.
Be4 Be3 37. Bd5 Ra3 38. e6 fxe6+ 39. Bxe6+ Kh8 40. Bxc7 Bd4 41. Kg4 Rc3 42. Bf4 Be3 43. Be5 Rc6 44. Bd7 Rc5 45. f4 Bd2 46. Be6 Bc3 47. Bb8 Rb5 48. Bc7 Rc5 49. Bb8 Rc6 50.
Bd7 Rb6 51. Be5 Bxe5 52. fxe5 Kg8 53. Be8 Kf8 54. Bg6 Ke7 55. Kf5 Rb2 56. Bh7 Rf2+ 57. Kg6 Kf8 58. g4 Rg2 59. Kf5 Rf2+ 60. Ke4 Ke7 61. Bf5 Rf1 62. Bc8 Re1+ 63. Kf4 Rc1 64.
Bf5 Rc4+ 65. Kg3 Rd4 66. Kf3 Kd8 67. Ke3 Rb4 68. Be4 Ke7 69. Bf5 Kd8 70. Be4 Kd7 71.
Bf5+ Kc6 72. Be4+ Kc5 73. Kf4 Kd4 74. e6 Kc5 75. Ke5 Rb8 76. Bg6 Kc6 77. e7 Kd7 78. e8=Q+ Rxe8+ 79. Bxe8+ Kxe8 80. Ke6 Kf8 81. Ke5 Kf7 82.
Kf5 Ke7 83. Ke5 Kf8 84. Ke6 Kg8 85. Ke7 Kh7 86. Kf7 Kh8 87. Kf8 Kh7 88. Kf7 Kh8 89. Kf8 Kh7 90. Kf7 1/2-1/2

[Event "Early-Titled-Tuesday-Blitz-December-26-2023"]
[Site "Chess.com"]
[Date "2023.12.26"]
[Round "3"]
[White "dcremisi"]
[Black "jacky72"]
[Result "1-0"]
[WhiteElo "2678"]
[BlackElo "2816"]
[TimeControl "180+1"]
[EndTime "8:30:08 PST"]
[Termination "dcremisi won by resignation"]

1. Nf3 Nf6 2. c4 g6 3. Nc3 Bg7 4. d4 O-O 5. e4 d6 6. Be2 Na6 7. O-O e5 8. Be3 c6 9. dxe5 dxe5 10. Qxd8 Rxd8 11. Rfd1 Bg4 12. Rxd8+ Rxd8 13. Bxa7 Bxf3 14. Bxf3 Rd2 15. b3 Rc2 16. Na4 Bf8 17. h3 Ba3 18. Be3 Nb4 19. Bc5 b5 20. Nb6 Kg7 21. Rd1 Rxa2 22.
Rd8 Nc2 23. Bxa3 Rxa3 24. cxb5 cxb5 25. Nd5 Rxb3 26. Rd6 Nxd5 27. Rxd5 Kf6 28. Bg4 Nd4 29. Kh2 h5 30. Bd7 Rb2 31. f4 exf4 32. Rxd4 f3 33. Kg3 fxg2 34. Kh2 Ke5 35. Rd5+ Kxe4 36. Rxb5 Rc2 37.
Rg5 Kf4 38. Rxg2 Rc3 39. Rf2+ Kg5 40. Rxf7 Rc2+ 41. Kg1 Kh4 42. Rf6 g5 43. Rd6 Rc1+ 44. Kf2 Rc2+ 45. Ke1 Rb2 46. Rd4+ Kg3 47. Rd3+ Kh4 48.
Kd1 Ra2 49. Kc1 Rf2 50. Kd1 Rb2 51. Rd4+ Kg3 52. Rd5 Kh4 53. Bf5 Ra2 54. Rd3 Ra1+ 55. Kc2 Ra2+ 56. Kb3 Rf2 57. Be6 g4 58. hxg4 hxg4 59.
Rd4 Rg2 60. Kc4 Kg5 61. Kd3 g3 62. Ke3 Kf6 63. Bg4 Kg5 64. Bf3 Rg1 65. Rg4+ Kf5 66. Rg8 Re1+ 67. Kd2 Rg1 68. Ke2 Kf4 69. Rg4+ Kf5 70.
Ra4 Rc1 71. Be4+ Ke5 72. Bg2 Rc3 73. Rg4 Kf5 74. Bf3 Rc2+ 75. Ke3 Rc3+ 76. Ke2 Rc2+ 77. Ke1 Rc3 78. Be2 Rc1+ 79. Kd2 Rg1 80. Rg8 Kf4 81. Rf8+ Ke4 82. Bf3+ Kd4 83. Ke2 Ra1 84. Rg8 Ra2+ 85. Ke1 Ke3 86. Rxg3 Kf4 87. Rh3 Rb2 88. Bd1 Ra2 89.
Rf3+ Ke4 90. Rh3 Rb2 91. Be2 Kd4 92. Kf2 Ke4 93. Rh4+ Ke5 94. Ke3 Rc2 95. Bd3 Rc5 96.
Rh5+ Kd6 97. Rh6+ Ke5 98. Rg6 Kd5 99. Be4+ Ke5 100. Rg5+ Kd6 101. Rg3 Ke5 102. Rh3 Kd6 103. Kd4 Ra5 104. Rh6+ Ke7 105. Bd5 Ra1 106. Ke5 Re1+ 107. Be4 Ra1 108. Rh7+ Kd8 109. Kd6 Rd1+ 110. Bd5 Rh1 111. Rxh1 1-0